Cogmind - Beta 14 @@@ ROGUE MODE // 2024.09.26 @ 14:35:26 Player: Clockwork Slayer 55 Result: Destroyed by as-48873 with Assembled Rifle Performance ------------- Evolutions (0) 0 Regions Visited (4) 800 Robots Destroyed (11) 55 Value Destroyed (360) 360 Prototype IDs (0) 0 Alien Tech Used (0) 0 Bonus (50) 50 TOTAL SCORE: 1265 Bonus ------- Follower Combat Kills 50 Cogmind --------- Core Integrity 0/250 Matter 261/300 Energy 250/250 System Corruption 0% Temperature Cool (0) Movement Walking (820) Ox10 Location -9/Mines Parts ------- > --- POWER (1) -------- Ion Engine > --- PROPULSION (2) --- Aluminum Leg Aluminum Leg > --- UTILITY (2) ------ Humpback > --- WEAPON (2) ------- Light Assault Rifle > --- INVENTORY (35) --- Light Treads Light Treads Wheel Flight Unit Improved Heat Sink Medium Battery (150) Large Matter Pod (147) Peak State ------------ > --- POWER ------------ Light Nuclear Core > --- PROPULSION ------- Wheel Wheel > --- UTILITY ---------- Small Storage Unit Visual Processing Unit > --- WEAPON ----------- Light Assault Rifle Datajack > --- INVENTORY -------- Ion Engine Light Treads Light Treads Aluminum Leg Aluminum Leg Improved Heat Sink Small Laser Light Assault Rifle [Rating: 11] Favorites ----------- Power Light Nuclear Core Engine Ion Engine Power Core Light Nuclear Core Propulsion Wheel Treads Light Treads Leg Aluminum Leg Wheel Wheel Utility Visual Processing Unit Storage Humpback Processor Visual Processing Unit Weapon Light Assault Rifle Energy Gun Small Laser Ballistic Gun Light Assault Rifle Special Melee Weapon Datajack Build | -11 -10 -10 -10 -9 ------- Run | Yrd Mat Min Exi Min Slots Evolved . | . . . . . Power . | . . . . . Propulsion . | . . . . . Utility . | . . . . . Weapon . | . . . . . Parts Attached 18 | 6 5 . 2 5 Power 4 | 1 2 . . 1 Engine 3 | 1 1 . . 1 Core 1 | . 1 . . . Reactor . | . . . . . Propulsion 6 | 2 . . . 4 Treads 2 | . . . . 2 Leg 2 | . . . . 2 Wheel 2 | 2 . . . . Hover . | . . . . . Flight . | . . . . . Utility 4 | 1 1 . 2 . Device . | . . . . . Storage 3 | 1 . . 2 . Processor 1 | . 1 . . . Hackware . | . . . . . Protection . | . . . . . Artifact . | . . . . . Weapon 4 | 2 2 . . . Energy Gun 1 | 1 . . . . Energy Cannon . | . . . . . Ballistic Gun 2 | 1 1 . . . Ballistic Cannon . | . . . . . Launcher . | . . . . . Special Weapon . | . . . . . Impact Weapon . | . . . . . Slashing Weapon . | . . . . . Piercing Weapon . | . . . . . Special Melee Weapon 1 | . 1 . . . Unidentified Prototypes . | . . . . . Parts Lost 4 | . 1 . . 3 Power 1 | . . . . 1 Propulsion 1 | . . . . 1 Utility . | . . . . . Weapon 2 | . 1 . . 1 Highest Loss Streak 3 | . 1 . . 3 To Critical Strikes . | . . . . . Average Slot Usage (%) 92 | . 95 100 95 83 Engine 1 | . 10 . . 1 Core 12 | . 3 14 14 12 Wheel 26 | . 28 28 28 24 Storage 14 | . 14 14 14 14 Processor 7 | . 9 14 10 . Ballistic Gun 26 | . 15 28 28 26 Peak Build Rating 11 | 6 11 11 11 10 Average Rating 9 | 3 8 11 10 9 On Entrance 7 | . 6 11 11 10 Naked Turns . | . . . . . Heaviest Build 207 | 12 12 12 207 207 Greatest Support 40 | 20 20 20 20 40 Greatest Overweight (x) 10 | . . . 10 10 Average Overweight (x) 2 | . . . 1 9 Largest Inventory Capacity 35 | 8 8 8 35 35 Average Capacity 20 | 6 8 8 17 35 Most Carried 10 | 6 8 8 10 9 Average Carried 8 | 4 7 8 8 8 Final Capacity 35 | 8 8 8 35 35 Final Carried 9 | 6 8 8 9 7 Class Distribution -------------------- 57% | Mutant 42% | Hauler-Mutant Dominant Class ---------------- Mutant | -10/Materials Mutant | -10/Mines Mutant | -10/Exiles Hauler-Mutant | -9/Mines Resources | -11 -10 -10 -10 -9 ----------- Run | Yrd Mat Min Exi Min Matter Collected 534 | 223 112 35 22 142 Remotely . | . . . . . Salvage Created 419 | . 275 34 . 110 Parts 27 | . 21 4 . 2 Haulers Intercepted . | . . . . . Recyclers Shooed . | . . . . . Parts Field Recycled . | . . . . . Retrieved Matter . | . . . . . Parts Self-Destructed . | . . . . . Prevented . | . . . . . Kills | -11 -10 -10 -10 -9 ------- Run | Yrd Mat Min Exi Min Combat Hostiles Destroyed 10 | . 6 2 . 2 Guns 10 | . 6 2 . 2 Classes Destroyed 3 | . 2 1 . . Watcher 1 | . 1 . . . Swarmer 2 | . . 2 . . Grunt 8 | . 6 . . 2 Best Kill Streak 3 | . 3 2 . 1 Combat Bots Only 2 | . 2 2 . 1 Max Kills in Single Turn 1 | . 1 1 . 1 Gunslinging . | . . . . . Exploded . | . . . . . Melee . | . . . . . Uniques/NPCs Destroyed . | . . . . . Combat | -11 -10 -10 -10 -9 -------- Run | Yrd Mat Min Exi Min Hostile Shots Fired 105 | . 30 3 . 72 Missed 37 | . 8 2 . 27 Damage Taken 1085 | . 274 8 . 803 Core 251 | . 98 8 . 145 Absorbed by Shields . | . . . . . Core Remaining (%) 100 | 100 . . . . Volleys Fired 36 | . 29 2 1 4 Largest 2 | . 2 2 2 2 Hottest 60 | . 60 40 40 40 Shots Fired 62 | . 48 4 2 8 Gun 62 | . 48 4 2 8 Cannon . | . . . . . Launcher . | . . . . . Special . | . . . . . Kinetic 44 | . 30 4 2 8 Thermal 18 | . 18 . . . Explosive . | . . . . . Electromagnetic . | . . . . . Robot Hit Streak 9 | . 9 4 . 5 Robot Miss Streak 3 | . 3 1 . 1 Penetration Max . | . . . . . Secondary Targets 2 | . 1 1 . . Max Gunslinging Chain 1 | . 1 1 . . Shots Hit Robots 39 | . 31 2 . 6 Core Hits 24 | . 18 2 . 4 Critical Kills . | . . . . . Critical Parts Destroyed 1 | . 1 . . . Critical Strikes 1 | . 1 . . . Destroy 1 | . 1 . . . Melee Attacks . | . . . . . Impact . | . . . . . Slashing . | . . . . . Piercing . | . . . . . Sneak Attacks . | . . . . . Combat Hostiles . | . . . . . Follow-up Attacks . | . . . . . Damage Inflicted 348 | . 283 17 . 48 Guns 348 | . 283 17 . 48 Cannons . | . . . . . Explosions . | . . . . . Melee . | . . . . . Ramming . | . . . . . Kinetic 228 | . 163 17 . 48 Thermal 120 | . 120 . . . Explosive . | . . . . . Electromagnetic . | . . . . . Impact . | . . . . . Slashing . | . . . . . Piercing . | . . . . . Highest Corruption . | . . . . . Average Corruption . | . . . . . Corruption Purged . | . . . . . Corruption Blocked . | . . . . . Overload Shots . | . . . . . Overflow Damage . | . . . . . Projectiles . | . . . . . Explosions . | . . . . . Melee . | . . . . . Knockbacks . | . . . . . Impact . | . . . . . Kinetic . | . . . . . Secondary . | . . . . . Self-Inflicted Damage . | . . . . . Shots . | . . . . . Rammed . | . . . . . Targets Rammed . | . . . . . Kicked . | . . . . . Crushed . | . . . . . Highest Temperature 91 | . 91 4 4 4 Average Temperature 32 | . 38 3 3 3 Received Heat Transfer 219 | . 153 . . 66 Siege Activations . | . . . . . Robots Corrupted . | . . . . . Combat Hostiles . | . . . . . Parts Fried . | . . . . . Impact Corruptions . | . . . . . Robots Melted . | . . . . . Combat Hostiles . | . . . . . Parts Melted . | . . . . . Heat Transferred 275 | . 275 . . . Parts Sabotaged . | . . . . . Parts Stolen . | . . . . . Parts Stripped . | . . . . . Power Chain Reactions . | . . . . . Alert | -11 -10 -10 -10 -9 ------- Run | Yrd Mat Min Exi Min Peak Influence 172 | . 172 116 . 94 Initial 66 | . . 66 . . Average 46 | . 88 115 . 22 Maximum Alert Level . | . . . . . Low Security (%) 100 | 100 100 100 . 100 Level 1 . | . . . . . Level 2 . | . . . . . Level 3 . | . . . . . Level 4 . | . . . . . Level 5 . | . . . . . High Security . | . . . . . Max Security . | . . . . . Squads Dispatched 2 | . 2 . . . Investigation 2 | . 2 . . . Extermination . | . . . . . Reinforcement . | . . . . . Assault . | . . . . . Garrison . | . . . . . Intercept . | . . . . . Searches Triggered . | . . . . . Construction Impeded . | . . . . . Haulers Reinforced . | . . . . . Active Scanning Responses . | . . . . . Cargo Convoy Interrupts . | . . . . . Stealth | -11 -10 -10 -10 -9 --------- Run | Yrd Mat Min Exi Min Distress Signals 1 | . 1 . . . Communications Jammed . | . . . . . Distress Signals . | . . . . . Times Spotted 28 | . 7 2 . 19 Peak Tracking Total 11 | . 2 1 . 11 Tactical Retreats 2 | . 1 . . 1 Traps | -11 -10 -10 -10 -9 ------- Run | Yrd Mat Min Exi Min Traps Triggered . | . . . . . Indirectly . | . . . . . Trap Hack Attempts . | . . . . . Triggered . | . . . . . Disarmed . | . . . . . Reprogrammed . | . . . . . Reused . | . . . . . Traps Extracted . | . . . . . Installed . | . . . . . Triggered . | . . . . . Machines | -11 -10 -10 -10 -9 ---------- Run | Yrd Mat Min Exi Min Machines Disabled . | . . . . . Max in Single Turn . | . . . . . Machines Repaired . | . . . . . Machines Dismantled . | . . . . . Machines Sabotaged . | . . . . . Overloaded Fab Kills . | . . . . . Hacking | -11 -10 -10 -10 -9 --------- Run | Yrd Mat Min Exi Min Machines Accessed 1 | . 1 . . . Terminals 1 | . 1 . . . Fabricators . | . . . . . Repair Stations . | . . . . . Recycling Units . | . . . . . Scanalyzers . | . . . . . Garrison Access . | . . . . . Total Hacks 2 | . 2 . . . Successful 2 | . 2 . . . Failed . | . . . . . Catastrophic . | . . . . . Database Lockouts . | . . . . . Manual . | . . . . . Terminals 2 | . 2 . . . Fabricators . | . . . . . Repair Stations . | . . . . . Recycling Units . | . . . . . Scanalyzers . | . . . . . Garrison Access . | . . . . . Terminal Hacks 2 | . 2 . . . Emergency Access Points 1 | . 1 . . . Zone Layout 1 | . 1 . . . Fabricator Hacks . | . . . . . Repair Station Hacks . | . . . . . Recycling Unit Hacks . | . . . . . Scanalyzer . | . . . . . Garrison Access Hacks . | . . . . . Unauthorized Hacks . | . . . . . Terminals . | . . . . . Fabricators . | . . . . . Repair Stations . | . . . . . Recycling Units . | . . . . . Scanalyzers . | . . . . . Garrison Access . | . . . . . Data Cores Recovered . | . . . . . Used . | . . . . . Hacking Detections 1 | . 1 . . . Full Trace Events . | . . . . . Feedback Events . | . . . . . Feedback Blocked . | . . . . . Robot Schematics Acquired . | . . . . . Robots Built . | . . . . . Authchips . | . . . . . Time . | . . . . . Total Robot Build Rating . | . . . . . Part Schematics Acquired . | . . . . . Parts Built . | . . . . . Authchips . | . . . . . Time . | . . . . . Total Part Build Rating . | . . . . . Parts Repaired . | . . . . . Time . | . . . . . Parts Recycled . | . . . . . Recycled Matter . | . . . . . Retrieved Matter . | . . . . . Retrieved Components . | . . . . . Parts Scanalyzed . | . . . . . Part Schematics Acquired . | . . . . . Parts Damaged . | . . . . . Bothacking | -11 -10 -10 -10 -9 ------------ Run | Yrd Mat Min Exi Min Used RIF Installer . | . . . . . Robots Hacked . | . . . . . Non-combat . | . . . . . Combat . | . . . . . Robot Hacks Applied . | . . . . . Relay Couplers Released . | . . . . . Fabnet Peak Effective % . | . . . . . Robots Rewired . | . . . . . Allies Hacked . | . . . . . Hacks Repelled . | . . . . . Allies | -11 -10 -10 -10 -9 -------- Run | Yrd Mat Min Exi Min Total Allies 3 | . . . . 3 Largest Group 3 | . . . . 3 Highest-Rated Group 40 | . . . . 40 Highest-Rated Ally 16 | . . . . 16 Total Orders 1 | . . . . 1 GUARD 1 | . . . . 1 Ally Attacks 20 | . . . . 20 Total Damage 214 | . . . . 214 Kills 3 | . . . . 3 Allies Corrupted . | . . . . . Allies Melted . | . . . . . Intel | -11 -10 -10 -10 -9 ------- Run | Yrd Mat Min Exi Min Robot Analysis Total . | . . . . . Derelict Logs Recovered 2 | . . . . 2 Drone Launches . | . . . . . Drone Recoveries . | . . . . . Exploration | -11 -10 -10 -10 -9 ------------- Run | Yrd Mat Min Exi Min Turns Passed 1339 | 66 150 85 653 385 Spaces Moved 971 | 63 84 65 609 150 Core 5 | 5 . . . . Treads 2 | . . . . 2 Legs 4 | . . . . 4 Wheels 960 | 58 84 65 609 144 Hover . | . . . . . Flight . | . . . . . Fastest Speed 50 | 50 80 80 80 230 Average Speed 120 | 77 80 80 103 250 Slowest Speed 820 | 80 80 80 230 820 Overloaded Moves . | . . . . . Propulsion Burnouts . | . . . . . Robots Hopped . | . . . . . Cave-ins Triggered . | . . . . . Exploration Rate (%) 32 | 5 14 19 92 34 Regions Visited 4 Branch Regions 3 Pre-discovered Areas 1 | . . . . 1 Known Exits Taken . | . . . . . Unknown Exits Taken 4 | 1 1 1 1 . Scrap Searched . | . . . . . Spaces Dug . | . . . . . Terrain Destroyed . | . . . . . Melee . | . . . . . Projectile . | . . . . . AOE . | . . . . . Terrain Rammed . | . . . . . Walls Destroyed . | . . . . . Machines Disabled . | . . . . . Actions | -11 -10 -10 -10 -9 --------- Run | Yrd Mat Min Exi Min Total 1089 | 78 125 94 632 160 Wait 32 | . . 28 4 . Move 967 | 62 83 64 608 150 Hop . | . . . . . Pick Up 22 | 10 5 . 7 . Fast Attach 2 | 2 . . . . Attach 10 | 4 2 . 1 3 Detach 1 | . . . . 1 Swap 6 | . 3 . 1 2 Drop 6 | . 3 . 3 . Fire 36 | . 29 2 1 4 Melee . | . . . . . Ram . | . . . . . Kick . | . . . . . Crush . | . . . . . Escape Stasis . | . . . . . Rewire 7 | . . . 7 . Trap . | . . . . . Miscellaneous . | . . . . . Route ------- -11/Scrapyard -10/Materials -10/Mines -10/Exiles -9/Mines History --------- Turn | Location | Event 18 | -11/Scrapyard | Discovered new exit (range 15) 67 | -11/Scrapyard | Entered Materials 157 | -10/Materials | Discovered new exit (range 7) 207 | -10/Materials | Met 8R-AWN 217 | -10/Materials | Entered Mines 220 | -10/Mines | Followed 8R-AWN into the Mines 299 | -10/Mines | Discovered new exit (range 5) 301 | -10/Mines | Build established: Mutant 302 | -10/Mines | Entered Exiles 321 | -10/Exiles | Welcomed by 8R-AWN 338 | -10/Exiles | Met EX-HEX 388 | -10/Exiles | Met EX-BIN 433 | -10/Exiles | Met EX-DEC 587 | -10/Exiles | Discovered new exit (range 17) 660 | -10/Exiles | Visited The Gauntlet 955 | -10/Exiles | Entered Mines 965 | -9/Mines | Assisted by bots powering up and referring to "LRC-V3" 970 | -9/Mines | Met a Derelict bent on vengeance 1077 | -9/Mines | Learned location of Zion (-7) 1081 | -9/Mines | Build established: Hauler-Mutant 1266 | -9/Mines | Assembled infested the area 1271 | -9/Mines | Assisted by a Guerilla fighting off Assembled 1301 | -9/Mines | Core integrity fell below 50% 1321 | -9/Mines | Core integrity fell below 20% 1340 | -9/Mines | Destroyed by as-48873 with Assembled Rifle Last Messages --------------- 01307_ as-78496 suffers critical hit (Burn). 01308_ HV Slug penetrates Wall. 01309_ as-78496 destroyed. 01309_ K-01 Serf collects debris. 01312_ HV Slug penetrates as-48036. 01312_ K-01 Serf destroyed. 01314_ Lgt. Assault Rifle destroyed. 01320_ HV Slug penetrates as-48036. 01324_ HV Slug penetrates Wall. 01327_ as-62499 destroyed. 01327_ E3-HXW(h) destroyed. 01329_ U-05 Engineer lays Concrete. 01329_ K-01 Serf collects debris. 01330_ K-01 Serf destroyed. 01330_ U-05 Engineer lays Concrete. 01332_ 9G-LSU(g) destroyed. 01333_ U-05 Engineer lays Concrete. 01334_ U-05 Engineer destroyed. 01336_ The unstable cave ceiling collapses. 01339_ Acquired 1 matter. Map ----- +----------------------------------------------------+ | ?????????????????????????????????????????????????? | | ????????????#????????????????????????????????????? | | ?????????### ????????????????????????????????????? | | ????###### ????????????????????????????????????? | | ???## ????????????????????????????????????? | | ??## #????????????????????????????????????? | | ??# ##???????????????????????????????????? | | ?## ????????????????????????????????????? | | ## ???????###??????????????????????????? | | # #???????#" ??????????????????????????? | | ! ####????#%#??????????????????????????? | | =%= ! #"""#??#"#??????????????????????????? | | ?# % % ##?# #??????????????????????????? | | ??# * %% ###%#??????????????????????????? | | ??## [%= % % ##!#??????????????????????????? | | ???###### #"*= |=%##?????????????????????????? | | ????????# ###%% =%=="?????????????????????????? | | ????????# ###=[a * ###???????????????????????? | | ???????## ## *%= #???????????????????????? | | ???????# =! % ##??????????????????????? | | ???????#= a % ###?????####???????????? | | ???????# ### %= ##???## ???????????? | | ???????# ??# #???? #???????????? | | ??????? ??## #????# #?###???????? | | ??????###???##### #????# #?# ##??????? | | ????????????????#### @ #????# #?# ##?????? | | ???????????????????# #???## ### #?????? | | ???????????????????## d ##### ## #?????? | | ????????????????????## #?????? | | ?????????????????????# t ####### | | ?????????????????????## ##k### # | | ??????????????????????## ### #?## ### # | | ???????????????????????######?# #??#### #?# # | | ????????????????????????????### #?????## #?# # | | ???????????????????????????## ##?????# ##?# # | | ??????????????????????????## ##?### ##??# | | ?????????????????????????## ## ##??# | | ?????????????????????????# #??## | | ?????????????????????????## #??# | | ????????????????????????#### #??# | | ????????????????????????# ######## ##??# | | ????????????????????????# ##??????####???## | | ????????????????????????# ######???????????# | | ????????????????????????### ##??????????? | | ?????????????????????????## ##?????????? | | ???????????????????????### ##????????? | | ??????????????????????## ##???????? | | ?????????????????????## ## ##????#?? | | ?????????????????????# ### #### ### #?? | | ?????????????????????# ##?####?## #?? | +----------------------------------------------------+ Best States ------------- Heat Dissipation 25 Energy Generation 14 Energy Capacity 250 Matter Stores 300 Matter Capacity 300 Sight Range 18 Terrain Scan Density 10 Evasion (%) 44 Recoil Reduction 2 Item Schematics ----------------- None Robot Schematics ------------------ None Fabricated ------------ Nothing Alien Tech Used ----------------- None Achievements -------------- Tank Challenges ------------ None Game ------ Seed TargetElectronMatrix Manual? 0 Play Time 00:18:49 Cumulative 4.6 hours Start 2024.09.26 @ 14:15:27 End 2024.09.26 @ 14:35:26 Sessions 1 Manual Loads 0 Difficulty Rogue Special Mode None Game No. 10 Rogue 10 Adventurer 0 Explorer 0 Win Type - Total 0 Types 0/0/0/0/0/0/0/0/0 Lore% 2 Gallery% 7 Achievement% 7 Wizard Run 0 Options --------- Layout 1 ASCII 0 Keyboard 0 Movement Mouse Keybinds 0 Fullscreen 1 Font 24/Smallcaps Map View 50x35 Zoom Use 0% Tactical HUD 1 Map Filters NONE Filters NONE Steam 1 RUN: e540e324-85ac-4351-a131-e366ca836700